 Dungeon Sprint DCSS version 0.31-a0-1-g4198be8af4 (webtiles) character file.

Game seed: 4227767219919562210

1782 sircluck the Grappler (level 8, -4/88 HPs)
             Began as a Troll Berserker on May 2, 2023.
             Was a High Priest of Trog.
             Slain by an ice beast (14 damage)
             ... in the Dungeon (Sprint VII: "The Pits").
             The game lasted 00:02:24 (645 turns).

sircluck the Grappler (Troll Berserker)              Turns: 645, Time: 00:02:25

Health: -4/88      AC:  7    Str: 28    XL:     8   Next: 81%
Magic:  7/7        EV: 12    Int:  3    God:    Trog [*****.]
Gold:   0          SH:  0    Dex:  9    Spells: 7/7 levels left

rFire   . .          .
                       - Unarmed
rCold   . . .        (no shield)
rNeg    . . .        l - +0 steam dragon scales
rPois   .            (helmet restricted)
rElec   .            (no cloak)
rCorr   .            (gloves unavailable)
SInv    .            (boots unavailable)
Will    .....        (no amulet)
Stlth   +            (no ring)
HPRegen 1.14/turn    (no ring)
MPRegen 0.10/turn

%: no teleportation
@: no status effects
A: large, unfitting armour, claws 3, regeneration 1, shaggy fur 1, tough skin 1
a: Renounce Religion, Berserk, Trog's Hand, Brothers in Arms


You were in the Dungeon.
You worshipped Trog.
Trog was extremely pleased with you.
You visited 1 branch

Inventory:

Missiles
 g - 2 poisoned darts (quivered)
 i - 10 stones
Armour
 a - a +0 animal skin
 k - a +0 troll leather armour {Pargi}
 l - +0 steam dragon scales (worn)
Jewellery
 m - a +3 ring of intelligence
 o - a +3 ring of intelligence
Scrolls
 j - a scroll of butterflies
Potions
 b - 8 potions of curing
 c - 14 potions of heal wounds
 d - a potion of haste
 e - 4 potions of magic
 f - 3 potions of berserk rage
 h - 2 potions of invisibility
 n - a potion of might
 p - a potion of resistance


   Skills:
 + Level 8.1 Fighting
 + Level 2.4 Armour
 + Level 9.6 Dodging
 + Level 0.3 Stealth
 + Level 13.6 Unarmed Combat


You had 7 spell levels left.
You didn't know any spells.
Your spell library was empty.

Dungeon Overview and Level Annotations

Branches:
Dungeon (1/1)

Altars:
Ashenzari
Cheibriados
Dithmenos
Elyvilon
Fedhas
Gozag
Hepliaklqana
Kikubaaqudgha
Makhleb
Nemelex Xobeh
Okawaru
Qazlal
Ru
Sif Muna
Trog
Uskayaw
Vehumet
Wu Jian
Xom
Yredelemnul
Zin
The Shining One
Jiyva
Lugonu


Innate Abilities, Weirdness & Mutations

You are too large for most types of armour.
You have claws for hands.
Your natural rate of healing is unusually fast.
You are covered in fur. (AC +1)
You have tough skin. (AC +1)


Message History

The orc knight is almost dead.
The orc knight hits you with a +0 broad axe!
You are too injured to fight recklessly!
You are too injured to fight recklessly!
You are too injured to fight recklessly!
You are too injured to fight recklessly!
You are too injured to fight recklessly!
You are too injured to fight recklessly!
You are too injured to fight recklessly!
You are too injured to fight recklessly!
You are too injured to fight recklessly!
You are too injured to fight recklessly!
You are too injured to fight recklessly!
You are too injured to fight recklessly!
You barely miss the orc knight.
The orc knight is almost dead.
The orc knight roars a battlecry!
You mangle the orc knight!!
You kill the orc knight!
Trog accepts your kill.
Your Fighting skill increases to level 8!
Your Unarmed Combat skill increases to level 13!
Unknown command.
You see here a +3 chain mail.
It's broken and can't be closed.
You see here a +0 dagger of venom.
You see here a +1 long sword of flaming.
You see here a +1 heavy trident.
The ice beast hits you. The ice beast freezes you!
The ice beast hits you but does no damage.
The orc warrior hits you with a +0 battleaxe!!
* * * LOW HITPOINT WARNING * * *
The ice beast closely misses you. The orc warrior barely misses you.
The ice beast closely misses you. The orc warrior barely misses you.
The ice beast hits you but does no damage.
The orc warrior barely misses you. The ice beast hits you.
* * * LOW HITPOINT WARNING * * *
The ice beast freezes you!
You die...

#_________.# #_________.#
#_______...###########++###
##########'##..............
#.?..')))'.##......#..#....
##########.##.o............
#...........Y.o............
#'#####+#####.o....#..#....
#.#.)#).#.@##.........o....
#.#..'..#oY#####'#####''###
#.#..####))##.......##''#
#.#..#..#))##.......##.o#
#.#..#..#[[##.......##Y.#
#.##+#..#'###...<...##).#
#.#..o..)..##.......##.o# .
#.#........##.......##o.#.o
#'###########.......##..o..


You could see an orc warrior (strong) and an ice beast.

Vanquished Creatures
  An orc knight (D)
  An elephant (D)
  A yak (D)
  A steam dragon (D)
  An orc warrior (D)
  Pargi (D)
  An ice beast (D)
  A kobold brigand (D)
  A scorpion (D)
  A jelly (D)
  An iguana (D)
  An orc wizard (D)
  2 orcs (D)
  A bat zombie (D)
  A giant cockroach (D)
  5 jackals (D)
  3 quokkas (D)
  A ball python zombie (D)
  A frilled lizard (D)
  A kobold (D)
  A quokka zombie (D)
  A rat (D)
29 creatures vanquished.

Vanquished Creatures (collateral kills)
  A warg (D)
  An orc warrior (D)
  A kobold brigand (D)
3 creatures vanquished.

Grand Total: 32 creatures vanquished

Notes
Turn   | Place    | Note
-------+----------+-------------------------------------------
     0 | D        | sircluck the Troll Berserker began the quest for the Orb.
     0 | D        | Reached XP level 1. HP: 22/22 MP: 0/0
    36 | D        | Found a bloodstained altar of Trog.
    36 | D        | Found a shimmering blue altar of Sif Muna.
    36 | D        | Found a viscous altar of Jiyva.
    36 | D        | Found a hazy altar of Hepliaklqana.
    36 | D        | Found an opulent altar of Gozag.
    37 | D        | Found a glowing golden altar of the Shining One.
    37 | D        | Found a glowing silver altar of Zin.
    37 | D        | Found a basalt altar of Yredelemnul.
    37 | D        | Found a shimmering altar of Xom.
    37 | D        | Found an ornate altar of the Wu Jian Council.
    37 | D        | Found a sacrificial altar of Ru.
    37 | D        | Found a stormy altar of Qazlal.
    37 | D        | Found an iron altar of Okawaru.
    37 | D        | Found a sparkling altar of Nemelex Xobeh.
    37 | D        | Found a burning altar of Makhleb.
    37 | D        | Found a blossoming altar of Fedhas.
    37 | D        | Found a white marble altar of Elyvilon.
    37 | D        | Found a shadowy altar of Dithmenos.
    37 | D        | Found a snail-covered altar of Cheibriados.
    40 | D        | Found a corrupted altar of Lugonu.
    40 | D        | Found a radiant altar of Vehumet.
    41 | D        | Found an ancient bone altar of Kikubaaqudgha.
    41 | D        | Found a hide-covered altar of Uskayaw.
    41 | D        | Found a broken altar of Ashenzari.
    70 | D        | Reached ** piety under Trog
    93 | D        | Reached *** piety under Trog
    94 | D        | Reached XP level 2. HP: 27/31 MP: 1/1
   105 | D        | Noticed a scorpion
   110 | D        | Reached skill level 4 in Unarmed Combat
   111 | D        | Reached **** piety under Trog
   116 | D        | Killed a scorpion
   117 | D        | Reached skill level 5 in Unarmed Combat
   117 | D        | Reached XP level 3. HP: 34/40 MP: 2/2
   117 | D        | Reached XP level 4. HP: 42/49 MP: 3/3
   186 | D        | Noticed Pargi
   186 | D        | Noticed an ice beast
   186 | D        | Noticed a kobold brigand
   229 | D        | Reached skill level 6 in Unarmed Combat
   231 | D        | Killed a kobold brigand
   232 | D        | Reached skill level 5 in Fighting
   232 | D        | Reached skill level 5 in Dodging
   232 | D        | Reached skill level 7 in Unarmed Combat
   232 | D        | Reached XP level 5. HP: 8/57 MP: 4/4
   267 | D        | Killed Pargi
   267 | D        | Reached ***** piety under Trog
   268 | D        | Reached skill level 8 in Unarmed Combat
   321 | D        | Killed an ice beast
   322 | D        | Reached skill level 9 in Unarmed Combat
   322 | D        | Reached XP level 6. HP: 68/68 MP: 5/5
   375 | D        | Noticed a yak
   382 | D        | Killed a yak
   383 | D        | Reached skill level 10 in Unarmed Combat
   395 | D        | Noticed a steam dragon
   395 | D        | Noticed an elephant
   397 | D        | Noticed an orc warrior
   403 | D        | Reached XP level 7. HP: 76/76 MP: 6/6
   429 | D        | Killed a steam dragon
   429 | D        | Identified the +5 rapier "Xeduerab" {heavy, Will++ Int-4
                  | SInv} (Trog gifted it to you in the Dungeon)
   429 | D        | Received a gift from Trog
   430 | D        | Reached skill level 1 in Armour
   430 | D        | Reached skill level 11 in Unarmed Combat
   434 | D        | Killed an elephant
   435 | D        | Reached skill level 12 in Unarmed Combat
   435 | D        | Reached XP level 8. HP: 68/88 MP: 7/7
   563 | D        | Noticed an orc knight
   633 | D        | Killed an orc knight
   634 | D        | Reached skill level 13 in Unarmed Combat
   645 | D        | Slain by an ice beast

Illustrated notes

Levels and vault maps discovered:
D:        pitsprint [storerooms_1, entrance_room_1, metal_vault_1, armoury_1,
          mini_pit_1, grid_room_1, main_hall_1, silver_pit, the_coven_3,
          the_vestibule_1, steel_vault_2, golden_pit, hallway_of_sentries,
          crystal_vault_4, iron_vault_2, final_vault]

Skill      XL: |  1  2  3  4  5  6  7  8 |
---------------+-------------------------+-----
Fighting       | 3 4 5 6 7 8 |  8.1
Dodging        | 3 4 5 6 7 8 9 |  9.6
Unarmed Combat | 5 7 9 10 12 13 | 13.6
Armour         | 1 2 |  2.4
Stealth        | |  0.3

Action                     |  1- 3 |  4- 6 |  7- 9 || total
---------------------------+-------+-------+-------++-------
  Melee: Unarmed           |    30 |    34 |    29 ||    93
         Punch             |       |       |     2 ||     2
 Invoke: Brothers in Arms  |       |       |     1 ||     1
    Use: Scroll            |       |     1 |       ||     1
 Armour: Animal skin       |    13 |    10 |       ||    23
         Troll leather arm |       |    16 |     1 ||    17
         Steam dragon scal |       |       |     5 ||     5
  Dodge: Dodged            |    26 |    40 |    13 ||    79

Table legend: (Time is in decaauts)
 A = Elapsed time spent in this place.
 B = Non-inter-level travel time spent in this place.
 C = Inter-level travel time spent in this place.
 D = Time resting spent in this place.
 E = Time spent auto-exploring this place.
 F = Levels seen in this place.
 G = Mean time per level.
                   A        B        C        D        E       F      G
               +--------+--------+--------+--------+--------+-----+--------+
         Total |    631 |    631 |      0 |     14 |    207 |   1 |  631.0 |
       Dungeon |    631 |    631 |      0 |     14 |    207 |   1 |  631.0 |
               +--------+--------+--------+--------+--------+-----+--------+

Top non-repeatable levels by time:
       D: 631 daAuts
